 Dungeon Crawl Stone Soup version 0.28-a0-563-gf77a47075d (webtiles) character file.

Game seed: 11418062861865472307

12044 timneilson the Thaumaturge (level 11, -4/54 HPs)
             Began as a Spriggan Conjurer on Oct 1, 2021.
             Was a Priest of Vehumet.
             Slain by a manticore (10 damage)
             ... on level 11 of the Dungeon.
             The game lasted 00:49:30 (15498 turns).

timneilson the Thaumaturge (Spriggan Conjurer)     Turns: 15498, Time: 00:49:31

Health: -4/54      AC:  0    Str:  4    XL:     11   Next: 57%
Magic:  10/28      EV: 21    Int: 22    God:    Vehumet [***...]
Gold:   553        SH:  0    Dex: 14    Spells: 10/34 levels left

rFire   + . .      SeeInvis +   r - staff of earth
rCold   + . .      Faith    .   (shield currently unavailable)
rNeg    . . .      Spirit   .   g - +2 robe {rC+ rF+}
rPois   .          Reflect  .   (helmet restricted)
rElec   .          Harm     .   (no cloak)
rCorr   +          Rampage  .   (gloves unavailable)
Will    +....                   (boots unavailable)
Stlth   +++.......              p - amulet of regeneration
HPRegen 1.18/turn               e - +4 ring of slaying
MPRegen 0.21/turn               k - ring of resist corrosion

@: marked, spiked, corroded, studying Spellcasting, very quick
A: very small, no large weapons, unfitting armour, see invisible, speed 3
a: Renounce Religion


You were on level 11 of the Dungeon.
You worshipped Vehumet.
Vehumet was most pleased with you.
You visited 2 branches of the dungeon, and saw 12 of its levels.

You collected 553 gold pieces.

Inventory:

Hand Weapons
 u - the +10 falchion of the Stork {speed, +Blink Int+4 Dex-2}
   (You found it on level 10 of the Dungeon)

   Attacks with this weapon are significantly faster.
   Int:       It affects your intelligence (+4).
   Dex:       It affects your dexterity (-2).
   +Blink:    It lets you blink.
Armour
 g - a +2 robe of resistance (worn)
Magical Staves
 r - a staff of earth (weapon)
Jewellery
 a - a ring of fire
 e - a +4 ring of slaying (left hand)
 k - a ring of resist corrosion (right hand)
 l - an amulet of magic regeneration
 p - an amulet of regeneration (around neck)
Wands
 t - a wand of polymorph (9)
 v - a wand of acid (8)
Scrolls
 h - 2 scrolls of teleportation
 o - a scroll of brand weapon
Potions
 b - 3 potions of might
 c - 5 potions of curing
 d - a potion of invisibility
 f - 2 potions of cancellation
 i - 3 potions of attraction
 j - a potion of ambrosia {unknown}
 m - 6 potions of flight
 n - a potion of mutation {unknown}
 q - 2 potions of haste
 s - a potion of brilliance {unknown}


   Skills:
 + Level 4.6 Fighting
 + Level 7.9 Dodging
 + Level 6.5 Stealth
 * Level 12.3 Spellcasting
 * Level 7.0 Conjurations
 - Level 5.0 Hexes
 + Level 6.1 Translocations
 + Level 2.3 Ice Magic
 + Level 4.1 Air Magic
 + Level 4.7 Earth Magic
 + Level 4.6 Poison Magic
 + Level 3.9 Evocations


You had 10 spell levels left.
You knew the following spells:

 Your Spells              Type           Power      Damage    Failure   Level
a - Magic Dart            Conj           100%       1d8       1%          1
b - Searing Ray           Conj           88%        2d7       1%          2
c - Stone Arrow           Conj/Erth      100%       3d13      1%          3
d - Mephitic Cloud        Conj/Pois/Air  36%        N/A       1%          3
e - Fulminant Prism       Conj/Hex       20%        3d13      1%          4
f - Iskenderun's Mystic   Conj/Tloc      42%        2d10      1%          4
g - Shock                 Conj/Air       100%       1d9       1%          1
h - Blink                 Tloc           N/A        N/A       1%          2
i - Freeze                Ice            92%        1d10      1%          1
j - Frozen Ramparts       Ice            46%        1d6       1%          3

Your spell library contained the following spells:

 Spells                   Type           Power      Damage    Failure   Level
 Sandblast                Erth           100%       2d20      1%          1
 Dazzling Flash           Conj/Hex       80%        N/A       1%          3
 Gell's Gravitas          Tloc           20%        N/A       1%          3
 Lesser Beckoning         Tloc           40%        N/A       1%          3
 Teleport Other           Tloc           40%        N/A       1%          3
 Passwall                 Tmut/Erth      29%        N/A       2%          2
 Call Imp                 Summ           13%        N/A       8%          2
 Sublimation of Blood     Necr           6%         N/A       8%          2
 Irradiate                Conj/Tmut      14%        3d18      9%          5
 Manifold Assault         Tloc           40%        N/A       11%         5
 Petrify                  Tmut/Erth      35%        N/A       19%         4
 Dispersal                Tloc           20%        N/A       50%         6


Dungeon Overview and Level Annotations

Branches:
Dungeon (11/15)            Temple (1/1) D:6            Lair (0/6) D:11
    Orc (0/2) D:9

Altars:
Ashenzari
Cheibriados
Dithmenos
Elyvilon
Fedhas
Gozag
Hepliaklqana
Kikubaaqudgha
Makhleb
Nemelex Xobeh
Okawaru
Qazlal
Ru
Sif Muna
Trog
Uskayaw
Vehumet
Wu Jian
Xom
Yredelemnul
Zin
The Shining One
Beogh

Shops:
D:9 (

Annotations:
D:4 1 runed translucent door, FilthyApe's ghost, amateur MiFi
D:5 2 transporters, robertstho's ghost, novice DjFE


Innate Abilities, Weirdness & Mutations

You are very small and have problems with some larger weapons.
You are too small for most types of armour.
You have supernaturally acute eyesight. (SInv)
You cover ground extremely quickly. (Speed+++)


Message History

You kill the acid dragon!
Vehumet accepts your kill.
You feel your power returning.
The acid dragon scales are intact enough to wear.
Okay, then.
Casting: Stone Arrow (safe; 1% risk of failure)
Confirm with . or Enter, or press ? or * to list all spells.
Aiming: Stone Arrow (safe; 1% risk of failure)
Press: ? - help, Shift-Dir - straight line, f - manticore
Aim: a manticore (87% to hit)
You feel a surge of power!
The stone arrow hits the manticore!
The manticore is moderately wounded.
Casting: Stone Arrow (safe; 1% risk of failure)
Confirm with . or Enter, or press ? or * to list all spells.
Aiming: Stone Arrow (safe; 1% risk of failure)
Press: ? - help, Shift-Dir - straight line, f/p - manticore
Aim: a manticore (moderately wounded, 87% to hit)
You feel a surge of power!
The stone arrow hits the manticore!
The manticore is severely wounded.
The manticore flicks its tail.
The volley of spikes hits you!
The barbed spikes become lodged in your body.
* * * LOW HITPOINT WARNING * * *
Casting: Stone Arrow (safe; 1% risk of failure)
Confirm with . or Enter, or press ? or * to list all spells.
Aiming: Stone Arrow (safe; 1% risk of failure)
Press: ? - help, Shift-Dir - straight line, f/p - manticore
Aim: a manticore (severely wounded, 87% to hit)
You feel a surge of power!
The stone arrow hits the manticore!
The manticore is almost dead.
A black bear comes into view.
Casting: Stone Arrow (safe; 1% risk of failure)
Confirm with . or Enter, or press ? or * to list all spells.
Aiming: Stone Arrow (safe; 1% risk of failure)
Press: ? - help, Shift-Dir - straight line, f/p - manticore
Aim: a manticore (almost dead, 87% to hit)
You feel a surge of power!
The stone arrow misses the manticore.
The manticore completely misses you. The manticore barely misses you.
The manticore claws you!
You die...

#...# ###### .#
#...##########
####.............
..................
..................
..................
..................
..................
..........@.[.....
...........H......
.................
...h.............
...##########..##
##. ..# # .# #


You could see a manticore and a black bear.

Vanquished Creatures
  A hydra (D:11)
  4 two-headed ogres
  An unseen horror (D:10)
  A komodo dragon (D:11)
  A troll (D:10)
  Prince Ribbit (D:8)
  A hornet (D:10)
  A slime creature (D:10)
  Sigmund (D:4)
  A shadow (D:5)
  A wyvern (D:9)
  A vampire (D:10)
  4 yaks
  2 steam dragons (D:9)
  Menkaure (D:7)
  5 acid dragons
  3 floating eyes (D:10)
  3 water moccasins
  6 orc warriors
  2 ice beasts (D:5)
  A sky beast (D:6)
  2 black bears
  A necrophage (D:6)
  2 ogres
  5 centaurs
  2 phantoms
  4 kobold brigands
  7 bullfrogs
  2 scorpions (D:11)
  A water moccasin skeleton (D:5)
  A killer bee (D:10)
  5 wights (D:10)
  2 howler monkeys
  A bullfrog zombie (D:6)
  3 centaur zombies
  2 hounds
  A bullfrog skeleton (D:5)
  7 orc priests
  3 gnoll shamans
  A centaur skeleton (D:5)
  Terence (D:2)
  4 iguanas
  Natasha (D:2)
  11 orc wizards
  3 hound skeletons (D:5)
  A howler monkey zombie (D:9)
  Robin (D:2)
  A howler monkey skeleton (D:6)
  23 gnolls
  5 adders
  4 white imps
  An adder skeleton (D:4)
  An adder zombie (D:5)
  A worm (D:3)
  4 dart slugs
  25 orcs
  3 bats
  8 endoplasms
  3 giant cockroaches
  7 goblins
  10 hobgoblins
  4 quokkas
  3 ball pythons
  4 frilled lizards
  23 kobolds
  2 rats (D:1)
248 creatures vanquished.

Vanquished Creatures (others)
  31 fungi (D:11)
  29 plants (D:11)
60 creatures vanquished.

Grand Total: 308 creatures vanquished

Notes
Turn   | Place    | Note
-------+----------+-------------------------------------------
     0 | D:1      | timneilson the Spriggan Conjurer began the quest for the
                  | Orb.
     0 | D:1      | Reached XP level 1. HP: 9/9 MP: 5/5
   251 | D:1      | Reached XP level 2. HP: 14/14 MP: 3/6
   386 | D:1      | Reached skill level 3 in Spellcasting
   980 | D:1      | Reached XP level 3. HP: 17/17 MP: 5/8
  2097 | D:2      | Found a faded altar of an unknown god.
  2167 | D:2      | Learned a level 2 spell: Searing Ray
  2171 | D:2      | Learned a level 3 spell: Stone Arrow
  2419 | D:2      | Reached XP level 4. HP: 21/21 MP: 5/10
  2543 | D:2      | Reached skill level 1 in Fighting
  2578 | D:2      | Noticed Terence
  2612 | D:2      | Killed Terence
  2922 | D:2      | Noticed Robin
  3101 | D:2      | Killed Robin
  3267 | D:2      | Noticed Natasha
  3271 | D:2      | Killed Natasha
  3272 | D:2      | Reached skill level 4 in Spellcasting
  3272 | D:2      | Reached XP level 5. HP: 17/25 MP: 5/12
  3900 | D:3      | Found a shadowy altar of Dithmenos.
  4116 | D:3      | Found an ancient bone altar of Kikubaaqudgha.
  4187 | D:3      | Found a sacrificial altar of Ru.
  4807 | D:4      | Found a runed translucent door.
  5006 | D:4      | Reached skill level 1 in Earth Magic
  5274 | D:4      | Reached XP level 6. HP: 27/30 MP: 2/13
  5423 | D:4      | Noticed Sigmund
  5430 | D:4      | Killed Sigmund
  5431 | D:4      | Reached skill level 5 in Spellcasting
  5554 | D:4      | Noticed FilthyApe's ghost (amateur MiFi)
  5769 | D:4      | Found a burning altar of Makhleb.
  5994 | D:4      | Reached XP level 7. HP: 32/34 MP: 9/15
  6085 | D:5      | Entered Level 5 of the Dungeon
  6132 | D:5      | Reached skill level 5 in Stealth
  6490 | D:5      | Noticed a two-headed ogre
  6616 | D:5      | Noticed a shadow
  6805 | D:5      | Found a transporter.
  6805 | D:5      | Noticed robertstho's ghost (novice DjFE)
  6818 | D:5      | Learned a level 3 spell: Mephitic Cloud
  6823 | D:5      | Learned a level 4 spell: Fulminant Prism
  6828 | D:5      | Learned a level 4 spell: Iskenderun's Mystic Blast
  6852 | D:5      | Found a transporter.
  7078 | D:5      | Reached skill level 6 in Spellcasting
  7078 | D:5      | Reached skill level 1 in Translocations
  7335 | D:5      | Reached skill level 5 in Dodging
  7376 | D:5      | Reached XP level 8. HP: 39/39 MP: 8/18
  7474 | D:5      | Reached skill level 1 in Hexes
  7584 | D:5      | Reached skill level 1 in Air Magic
  7584 | D:5      | Reached skill level 1 in Poison Magic
  7729 | D:5      | Killed a two-headed ogre
  7730 | D:5      | Reached skill level 5 in Conjurations
  7798 | D:5      | Reached skill level 7 in Spellcasting
  8093 | D:6      | Found a staircase to the Ecumenical Temple.
  8101 | Temple   | Entered the Ecumenical Temple
  8113 | Temple   | Became a worshipper of Vehumet
  8161 | D:6      | Reached XP level 9. HP: 44/44 MP: 13/20
  8939 | D:6      | Reached skill level 8 in Spellcasting
  9750 | D:7      | Noticed Menkaure
  9755 | D:7      | Killed Menkaure
  9958 | D:7      | Reached * piety under Vehumet
  9958 | D:7      | Offered knowledge of Shock by Vehumet.
  9967 | D:7      | Learned a level 1 spell: Shock
 10870 | D:8      | Learned a level 2 spell: Blink
 10921 | D:8      | Identified the +9 hunting sling "Qilut" {venom, Will+ Str+3
                  | Dex-2}
 10996 | D:8      | Noticed Prince Ribbit
 11005 | D:8      | Killed Prince Ribbit
 11006 | D:8      | Reached skill level 9 in Spellcasting
 11347 | D:8      | Found a broken altar of Ashenzari.
 11545 | D:9      | Reached XP level 10. HP: 44/49 MP: 13/24
 11721 | D:9      | Reached ** piety under Vehumet
 11721 | D:9      | Offered knowledge of Freeze by Vehumet.
 11735 | D:8      | Learned a level 1 spell: Freeze
 11949 | D:9      | Found a sparkling altar of Nemelex Xobeh.
 11992 | D:9      | Found a staircase to the Orcish Mines.
 12304 | D:9      | Found Ellaama's Antique Weapon Shop.
 12619 | D:9      | Noticed a +0 spear
 12620 | D:9      | Noticed a +0 dagger
 12621 | D:9      | Noticed a +0 dagger
 12621 | D:9      | Noticed a +0 short sword
 12622 | D:9      | Noticed a +0 spear
 12623 | D:9      | Noticed a +0 falchion
 12623 | D:9      | Noticed a +0 short sword
 12623 | D:9      | Noticed a +0 falchion
 12628 | D:9      | Found a hide-covered altar of Uskayaw.
 12660 | D:9      | Reached skill level 10 in Spellcasting
 12660 | D:9      | Reached skill level 5 in Translocations
 12670 | D:9      | Reached skill level 1 in Evocations
 12971 | D:9      | Offered knowledge of Inner Flame by Vehumet.
 13119 | D:9      | Found a glowing silver altar of Zin.
 13153 | D:10     | Entered Level 10 of the Dungeon
 13158 | D:10     | Reached skill level 1 in Ice Magic
 13220 | D:10     | Found an iron altar of Okawaru.
 13230 | D:10     | Identified the +10 falchion of the Stork {speed, +Blink
                  | Int+4 Dex-2}
 13604 | D:10     | Reached *** piety under Vehumet
 13840 | D:10     | Noticed a two-headed ogre
 13845 | D:10     | Killed a two-headed ogre
 13846 | D:10     | Reached skill level 11 in Spellcasting
 13925 | D:10     | Noticed a two-headed ogre
 13944 | D:10     | Killed a two-headed ogre
 13945 | D:10     | Reached skill level 5 in Hexes
 13945 | D:10     | Reached XP level 11. HP: 53/53 MP: 14/27
 14236 | D:10     | Noticed a two-headed ogre
 14240 | D:10     | Killed a two-headed ogre
 14435 | D:10     | Paralysed by a floating eye for 2 turns
 14437 | D:10     | Offered knowledge of Frozen Ramparts by Vehumet.
 14448 | D:10     | Learned a level 3 spell: Frozen Ramparts
 14570 | D:10     | Paralysed by a floating eye for 4 turns
 14871 | D:11     | Noticed a white ugly thing
 14876 | D:11     | Noticed a six-headed hydra
 15281 | D:10     | Reached skill level 12 in Spellcasting
 15413 | D:11     | Found a staircase to the Lair.
 15423 | D:11     | Noticed a seven-headed hydra
 15430 | D:11     | Killed a seven-headed hydra
 15498 | D:11     | Slain by a manticore

Illustrated notes

Levels and vault maps discovered:
D:1:      dpeg_arrival_refuge, layout_basic
D:2:      layout_basic, shapermc_ecumenical_altar_totnotflames, uniq_terence,
          uniq_natasha, uniq_robin
D:3:      layout_basic, nicolae_dithmenos_through_a_glass_darkly,
          mainiacjoe_overflow_concentric_impassable,
          mainiacjoe_overflow_24_doors
D:4:      layout_basic, overflow_temple_1_default, ebering_ghost_sewer_d,
          uniq_sigmund
D:5:      layout_basic, gammafunk_ghost_arena, minmay_manual_maat
D:6:      layout_loops_corners, minmay_temple_entry_tees, minivault_11
D:7:      layout_cave_pools, hangedman_decor_push, uniq_menkaure
D:8:      layout_rooms, nicolae_ashenzari_panopticon, uniq_prince_ribbit1
D:9:      layout_basic, lemuel_tele_altar, lemuel_crystal_altar,
          nicolae_uskayaw_en_pointe, minmay_orc_entry_temple_small,
          serial_shops, shop
D:10:     layout_cross, okawaru_ov_weapons_minmay, onia_ninara_cookie
D:11:     layout_long_grid, due_lair_maze_entry_diamond, serial_shops,
          nicolae_diamond_shop
Temple:   cyrus_circular_temple

Skill      XL: |  1  2  3  4  5  6  7  8  9 10 11 |
---------------+----------------------------------+-----
Conjurations   | 3 4 5 6 7 |  7.0
Spellcasting   | 3 4 5 6 7 9 11 12 | 12.3
Dodging        | 3 4 5 6 7 |  7.9
Fighting       | 1 2 3 4 |  4.6
Stealth        | 4 5 6 |  6.5
Earth Magic    | 1 2 3 4 |  4.7
Translocations | 1 3 4 5 6 |  6.1
Hexes          | 2 4 5 |  5.0
Air Magic      | 2 3 4 |  4.1
Poison Magic   | 2 3 4 |  4.6
Evocations     | 2 3 |  3.9
Ice Magic      | 1 2 |  2.3

Action                   |  1- 3 |  4- 6 |  7- 9 | 10-12 || total
-------------------------+-------+-------+-------+-------++-------
Melee: Unarmed           |       |     1 |     7 |       ||     8
 Cast: Magic Dart        |    95 |    82 |    47 |    24 ||   248
       Searing Ray       |       |    17 |    36 |     1 ||    54
       Stone Arrow       |       |     3 |    87 |   152 ||   242
       Mephitic Cloud    |       |       |     1 |     1 ||     2
  Use: Scroll            |     1 |     2 |     9 |     7 ||    19
Armor: Robe              |     1 |     5 |     7 |     2 ||    15
Dodge: Dodged            |     5 |    22 |    63 |    41 ||   131

Table legend: (Time is in decaauts)
 A = Elapsed time spent in this place.
 B = Non-inter-level travel time spent in this place.
 C = Inter-level travel time spent in this place.
 D = Time resting spent in this place.
 E = Time spent auto-exploring this place.
 F = Levels seen in this place.
 G = Mean time per level.
                   A        B        C        D        E       F      G
               +--------+--------+--------+--------+--------+-----+--------+
         Total |  12416 |  12036 |    380 |   2360 |   7639 |  12 | 1034.7 |
       Dungeon |  12381 |  12006 |    375 |   2360 |   7619 |  11 | 1125.5 |
        Temple |     35 |     31 |      4 |      0 |     19 |   1 |   35.0 |
               +--------+--------+--------+--------+--------+-----+--------+

Top non-repeatable levels by time:
     D:5: 1585 daAuts
     D:2: 1530 daAuts
     D:1: 1477 daAuts
    D:10: 1460 daAuts
     D:9: 1417 daAuts
     D:6: 1339 daAuts
     D:4: 1069 daAuts
     D:3: 815 daAuts
     D:8: 786 daAuts
     D:7: 653 daAuts
    D:11: 246 daAuts
  Temple: 35 daAuts
